 Dungeon Sprint DCSS version 0.21-a0-71-g5e5ddd2 (webtiles) character file.

132 Kidiri the Sneak (level 4, -3/23 HPs)
             Began as a Spriggan Enchanter on June 19, 2017.
             Was an Initiate of Dithmenos.
             Splashed by an oklob sapling wizard's acid (9 damage)
             ... in the Dungeon (Sprint IV: "Fedhas' Mad Dash").
             The game lasted 00:02:30 (445 turns).

Kidiri the Sneak (Spriggan Enchanter)                Turns: 445, Time: 00:02:32

Health: -3/23      AC:  2    Str:  4    XL:     4   Next: 92%
Magic:  11/12      EV: 21    Int: 17    God:    Dithmenos [......]
Gold:   71         SH:  0    Dex: 16    Spells: 1/13 levels left

rFire    . . .     SeeInvis +   a - +1 dagger
rCold    . . .     Gourm    .   (shield restricted)
rNeg     . . .     Faith    .   b - +0 robe
rPois    .         Spirit   .   (helmet restricted)
rElec    .         Reflect  .   (no cloak)
rCorr    .         Harm     .   (gloves unavailable)
MR       .....     NoTele   +   (boots unavailable)
Stlth    ++++......             i - amulet of invisibility {+Inv}
HPRegen  0.07/turn              (no ring)
MPRegen  0.13/turn              (no ring)

@: very slightly contaminated, invisible, very quick
A: unfitting armour, see invisible, deterioration 1, herbivore 3, speed 3, slow
metabolism 2
a: Renounce Religion


You were in the Dungeon.
You worshipped Dithmenos.
Dithmenos was noncommittal.
You were not hungry.

You visited 1 branch You collected 71 gold pieces.

Inventory:

Hand Weapons
 a - a +1 dagger (weapon)
Armour
 b - a +0 robe (worn)
Jewellery
 i - the amulet of invisibility (around neck) {+Inv}
   (You found it in the Dungeon)

   [amulet of nothing]

   It lets you turn invisible.
Scrolls
 j - a scroll of blinking
Potions
 e - a potion of curing
 f - a potion of heal wounds
 g - a potion of haste
 h - 2 potions of magic
Books
 c - a book of Maledictions

   Spells                             Type                      Level
   a - Corona                         Hexes                        1
   b - Ensorcelled Hibernation        Hexes/Ice                    2
   c - Confuse                        Hexes                        3
   d - Tukima's Dance                 Hexes                        3
   e - Dazzling Spray                 Conjuration/Hexes            3
Comestibles
 d - a bread ration


   Skills:
 + Level 1.8 Fighting
 * Level 4.3 Short Blades
 + Level 1.5 Armour
 * Level 6.1 Dodging
 * Level 7.8 Stealth
 * Level 5.3 Spellcasting
 + Level 5.0 Hexes
 + Level 1.7 Ice Magic
 + Level 1.0 Invocations
 + Level 1.8 Evocations


You had one spell level left.
You knew the following spells:

 Your Spells              Type           Power        Failure   Level  Hunger
a - Corona                Hex            ###....      1%          1    None
b - Ensorcelled Hibernat  Hex/Ice        ###...       4%          2    #......
c - Confuse               Hex            ###.....     5%          3    ##.....
d - Tukima's Dance        Hex            ###.....     5%          3    ##.....
e - Dazzling Spray        Conj/Hex       ##....       14%         3    ##.....


Dungeon Overview and Level Annotations

Branches:
Dungeon (1/1)

Altars:
Cheibriados
Dithmenos
Elyvilon
Gozag
Hepliaklqana
Kikubaaqudgha
Makhleb
Nemelex Xobeh
Okawaru
Qazlal
Ru
Sif Muna
Trog
Uskayaw
Vehumet
Wu Jian
Xom
Yredelemnul
Zin
The Shining One
Beogh
Jiyva
Lugonu

Annotations:
D exclusion: oklob sapling


Innate Abilities, Weirdness & Mutations

You are very small and have problems with some larger weapons.
You are too small for most types of armour.
You have supernaturally acute eyesight. (SInv)
You are a herbivore.
You cover ground extremely quickly.
You need consume almost no food.
Your body sometimes deteriorates upon taking damage.


Message History

There is an open door here.
You hit the oklob sapling wizard but do no damage.
The oklob sapling wizard stares at you and mumbles some strange words.
The magic dart hits you!
Unknown command.
The oklob sapling wizard spits acid at something.
You hit the oklob sapling wizard but do no damage.
Unknown command.
The oklob sapling wizard spits acid at you.
The splash of acid misses you.
You hit the oklob sapling wizard but do no damage.
Unknown command.
You see here 13 gold pieces.
You hit the oklob sapling wizard.
The oklob sapling wizard is moderately damaged.
The oklob sapling wizard spits acid at you.
The splash of acid hits you!
* * * LOW HITPOINT WARNING * * *
You are splashed with acid!
The acid burns!
You die...

##################
#.⌠._._._._.⌠.#.@+
'.._._._._._..'.P#
#..._._._._...#..#
#.._._._._._..#.(#
#._._._._._.⌠.####
############### #


You could see an oklob sapling wizard.

Vanquished Creatures
  3 oklob saplings (D)
  A worker ant (D)
  A river rat (D)
  A rat (D)
6 creatures vanquished.

Notes
Turn   | Place    | Note
-------+----------+-------------------------------------------
     0 | D        | Kidiri the Spriggan Enchanter began the quest for the Orb.
     0 | D        | Reached XP level 1. HP: 9/9 MP: 5/5
    18 | D        | Reached skill level 5 in Stealth
    18 | D        | Reached XP level 2. HP: 14/14 MP: 7/7
    57 | D        | Learned a level 2 spell: Ensorcelled Hibernation
    72 | D        | Noticed an oklob sapling
    73 | D        | Killed an oklob sapling
    73 | D        | Reached skill level 1 in Fighting
    73 | D        | Reached skill level 6 in Stealth
    73 | D        | Reached XP level 3. HP: 18/18 MP: 9/9
    78 | D        | Learned a level 3 spell: Confuse
    82 | D        | Learned a level 3 spell: Tukima's Dance
    85 | D        | Reached skill level 1 in Armour
    85 | D        | Reached skill level 5 in Dodging
    85 | D        | Reached skill level 1 in Ice Magic
   109 | D        | Noticed an oklob sapling
   112 | D        | Killed an oklob sapling
   112 | D        | Reached skill level 7 in Stealth
   112 | D        | Reached skill level 1 in Evocations
   112 | D        | Reached XP level 4. HP: 22/22 MP: 7/11
   128 | D        | Learned a level 3 spell: Dazzling Spray
   165 | D        | Gained mutation: Your body sometimes deteriorates upon taking damage. [mutagenic glow]
   314 | D        | Found an opulent altar of Gozag.
   314 | D        | Found a hazy altar of Hepliaklqana.
   314 | D        | Found a roughly hewn altar of Beogh.
   314 | D        | Found a snail-covered altar of Cheibriados.
   315 | D        | Found a viscous altar of Jiyva.
   315 | D        | Found a burning altar of Makhleb.
   315 | D        | Found a sparkling altar of Nemelex Xobeh.
   315 | D        | Found a sacrificial altar of Ru.
   315 | D        | Found a deep blue altar of Sif Muna.
   315 | D        | Found a bloodstained altar of Trog.
   315 | D        | Found an ornate altar of the Wu Jian Council.
   315 | D        | Found a shimmering altar of Xom.
   315 | D        | Found a basalt altar of Yredelemnul.
   316 | D        | Found an iron altar of Okawaru.
   316 | D        | Found a glowing silver altar of Zin.
   316 | D        | Found a shadowy altar of Dithmenos.
   317 | D        | Found a hide-covered altar of Uskayaw.
   317 | D        | Found an ancient bone altar of Kikubaaqudgha.
   318 | D        | Found a glowing golden altar of the Shining One.
   318 | D        | Found a stormy altar of Qazlal.
   318 | D        | Found a white marble altar of Elyvilon.
   319 | D        | Found a radiant altar of Vehumet.
   319 | D        | Found a corrupted altar of Lugonu.
   326 | D        | Became a worshipper of Dithmenos the Shadowed
   328 | D        | Reached skill level 5 in Spellcasting
   328 | D        | Reached skill level 5 in Hexes
   328 | D        | Reached skill level 1 in Invocations
   445 | D        | Splashed by an oklob sapling wizard's acid

Vault maps used:
D:        dungeon_sprint_fedhas

Skill      XL: |  1  2  3  4 |
---------------+-------------+-----
Short Blades   | 2 3 4 |  4.3
Stealth        | 5 6 7 |  7.8
Spellcasting   | 3 4 5 |  5.3
Hexes          | 4 5 |  5.0
Fighting       | 1 |  1.8
Dodging        | 4 5 6 |  6.1
Armour         | 1 |  1.5
Ice Magic      | 1 |  1.7
Evocations     | 1 |  1.8
Invocations    | 1 |  1.0

Action                   |  1- 3 |  4- 6 || total
-------------------------+-------+-------++-------
Melee: Dagger            |     6 |     5 ||    11
 Abil: Evoke Invisibilit |     1 |     3 ||     4
  Use: Potion            |     1 |       ||     1
 Stab: Sleeping          |     3 |     1 ||     4
Dodge: Dodged            |     6 |     1 ||     7
